 Dungeon Crawl Stone Soup version 0.22.1-2-g9c5b331 (webtiles) character file.

227 step280290 the Chopper (level 5, -6/48 HPs)
             Began as a Minotaur Berserker on Dec 14, 2018.
             Was a Believer of Trog.
             Killed by divine providence
             ... invoked by an orc priest
              (12 damage)
             ... on level 3 of the Dungeon.
             The game lasted 00:14:49 (1548 turns).

step280290 the Chopper (Minotaur Berserker)         Turns: 1548, Time: 00:14:50

Health: -6/48      AC: 10    Str: 22    XL:     5   Next: 70%
Magic:  4/4        EV:  9    Int:  4    God:    Trog [**....]
Gold:   109        SH:  0    Dex: 10    Spells: 4/4 levels left

rFire    . . .     SeeInvis .   k - +0 hand axe
rCold    . . .     Gourm    .   (no shield)
rNeg     . . .     Faith    .   e - +0 chain mail
rPois    .         Spirit   .   (helmet restricted)
rElec    .         Reflect  .   (no cloak)
rCorr    .         Harm     .   (no gloves)
MR       .....                  i - +0 pair of boots
Stlth    ..........             (no amulet)
HPRegen  0.16/turn              (no ring)
MPRegen  0.09/turn              (no ring)

@: berserk cooldown, slowed, drained, very slow
A: retaliatory headbutt, horns 2
a: Berserk, Trog's Hand, Renounce Religion


You were on level 3 of the Dungeon.
You worshipped Trog.
Trog was pleased with you.
You were hungry.

You visited 1 branch of the dungeon, and saw 3 of its levels.

You collected 109 gold pieces.

Inventory:

Hand Weapons
 k - a +0 hand axe (weapon)
Armour
 e - a +0 chain mail (worn)
 i - a +0 pair of boots (worn)
Jewellery
 p - an uncursed ring of magical power {unknown}
 s - an uncursed ring of protection from fire {unknown}
Scrolls
 d - a scroll of magic mapping {unknown}
 j - a scroll of random uselessness {unknown}
 l - 7 scrolls of identify {unknown}
 m - a scroll of enchant weapon {unknown}
 n - a scroll of fog {unknown}
 o - a scroll of immolation {unknown}
Potions
 b - a potion of magic {unknown}
 f - a potion of heal wounds {unknown}
 g - a potion of degeneration {unknown}
 q - a potion of curing {unknown}
Comestibles
 c - 4 rations
 r - 10 chunks of flesh


   Skills:
 + Level 5.0(4.8) Fighting
 + Level 5.0(4.8) Axes
 + Level 4.1(4.0) Armour
 + Level 3.7(3.5) Dodging


You had 4 spell levels left.
You didn't know any spells.
Your spell library was empty.

Dungeon Overview and Level Annotations

Branches:
Dungeon (3/15)

Altars:
Okawaru


Innate Abilities, Weirdness & Mutations

You reflexively headbutt those who attack you in melee.
You have a pair of horns on your head.


Message History

Beogh smites you!
* * * LOW HITPOINT WARNING * * *
The orc barely misses you. You furiously retaliate!
You headbutt the orc!
You kill the orc!
Trog accepts your kill.
The orc priest hits you but does no damage.
You are too injured to fight recklessly!
You hit the orc priest but do no damage.
The orc priest hits you with a flail.
* * * LOW HITPOINT WARNING * * *
You closely miss the orc priest.
The orc priest mumbles some strange prayers to Beogh against you.
Pain shoots through your body!
* * * LOW HITPOINT WARNING * * *
The orc priest hits you but does no damage.
You barely miss the orc priest.
You headbutt the orc priest, but do no damage.
The orc priest mumbles some strange prayers to Beogh against you.
Beogh smites you!
You die...

....#..........
................ ......o
................##.......
.................#..o....
.................#.......
...##.....#....#.#.......
.........###...#.#.......
#..##...........)#o......
.......#.).).#..@oo......
###.#.##.._..##))###.....
#....#.).).#..†# ...
###............# .
##...###.....#
##...#.....## ##...(...##
#########


You could see an orc priest and 2 orcs.

Vanquished Creatures
  An orc priest (D:3)
  Jessica (D:2)
  Natasha (thrice) (D:2)
  4 adders
  4 leopard geckos
  4 orcs (D:3)
  4 giant cockroaches
  5 goblins
  7 hobgoblins
  3 jackals
  A ball python (D:3)
  5 bats
  5 frilled lizards
  2 kobolds
  8 rats
57 creatures vanquished.

Notes
Turn   | Place    | Note
-------+----------+-------------------------------------------
     0 | D:1      | step280290 the Minotaur Berserker began the quest for the
                  | Orb.
     0 | D:1      | Reached XP level 1. HP: 19/19 MP: 0/0
   342 | D:1      | Reached XP level 2. HP: 27/27 MP: 1/1
   613 | D:2      | Noticed Jessica
   622 | D:2      | Killed Jessica
   622 | D:2      | Reached XP level 3. HP: 33/33 MP: 2/2
   685 | D:2      | Reached ** piety under Trog
   719 | D:2      | Reached XP level 4. HP: 37/41 MP: 3/3
   974 | D:2      | Noticed Natasha
   984 | D:2      | Killed Natasha
  1136 | D:2      | Noticed Natasha
  1140 | D:2      | Killed Natasha
  1217 | D:2      | Noticed Natasha
  1226 | D:2      | Killed Natasha
  1226 | D:2      | Reached XP level 5. HP: 47/47 MP: 4/4
  1485 | D:3      | Found an iron altar of Okawaru.
  1529 | D:3      | Reached skill level 5 in Axes
  1540 | D:3      | Reached skill level 5 in Fighting
  1548 | D:3      | Killed from afar by an orc priest

Skill      XL: |  1  2  3  4  5 |
---------------+----------------+-----
Fighting       | 4 5 |  5.0
Axes           | 4 5 |  5.0
Armour         | 3 4 |  4.1
Dodging        | 3 |  3.7

Action                   |  1- 3 |  4- 6 || total
-------------------------+-------+-------++-------
Melee: Hand axe          |    62 |    69 ||   131
       Headbutt          |     8 |    15 ||    23
Invok: Berserk           |     2 |     3 ||     5
       Trog's Hand       |       |     3 ||     3
  Eat: Chunk             |     1 |     6 ||     7
Armor: Chain mail        |    31 |    34 ||    65
Dodge: Dodged            |    21 |    18 ||    39
